 Dungeon Crawl Stone Soup version 0.29-a0-321-gf1c400731a (webtiles) character file.

Game seed: 1841354094826939261

231 Colgate the Covert (level 6, -3/35 HPs)
             Began as a Kobold Brigand on Apr 5, 2022.
             Slain by an orc warrior
             ... wielding a +0 mace
              (4 damage)
             ... on level 3 of the Dungeon.
             The game lasted 00:04:33 (2537 turns).

Colgate the Covert (Kobold Brigand)                 Turns: 2537, Time: 00:04:34

Health: -3/35      AC:  8    Str: 14    XL:     6   Next: 24%
Magic:  6/6        EV: 13    Int: 12    God:
Gold:   128        SH:  0    Dex: 19    Spells: 5/5 levels left

rFire   . . .      SeeInvis .   a - +7 dagger
rCold   + . .      Faith    .   (no shield)
rNeg    . . .      Spirit   .   z - +0 ring mail
rPois   .          Reflect  .   (no helmet)
rElec   .          Harm     .   g - +1 cloak
rCorr   .          Rampage  .   n - +0 pair of gloves
Will    .....                   (no boots)
Stlth   ++++......              (no amulet)
HPRegen 0.11/turn               w - +6 ring of strength
MPRegen 0.10/turn               i - ring of protection from cold

@: no status effects
A: small, no large weapons, nightstalker 3
a: no special abilities


You were on level 3 of the Dungeon.
You visited 1 branch of the dungeon, and saw 3 of its levels.

You collected 128 gold pieces.

Inventory:

Hand Weapons
 a - a +7 dagger (weapon)
 f - a +0 short sword
Missiles
 d - 11 poisoned darts (quivered)
 e - 3 curare-tipped darts
 u - 2 silver boomerangs
Armour
 b - a +0 robe
 g - a +1 cloak (worn)
 n - a +0 pair of gloves (worn)
 y - a +0 leather armour
 z - a +0 ring mail (worn)
Jewellery
 i - a ring of protection from cold (right hand)
 j - a ring of magical power
 w - a +6 ring of strength (left hand)
Wands
 A - a wand of polymorph (4)
Scrolls
 c - a scroll of vulnerability {unknown}
 l - a scroll of fog
 o - a scroll of noise {unknown}
 p - a scroll of enchant armour {unknown}
 q - a scroll of torment {unknown}
 s - a scroll of acquirement {unknown}
 t - a scroll of blinking {unknown}
 x - a scroll of teleportation {unknown}
Potions
 h - 2 potions of degeneration
 k - 2 potions of haste {@q4}
 m - a potion of flight
 r - a potion of cancellation {unknown}
 v - a potion of mutation {unknown}


   Skills:
 - Level 2.1 Fighting
 + Level 5.6 Short Blades
 - Level 2.1 Throwing
 - Level 1.2 Dodging
 - Level 8.2 Stealth


You had 5 spell levels left.
You didn't know any spells.
Your spell library contained the following spells:

 Spells                   Type           Power      Damage    Failure   Level
 Dazzling Flash           Conj/Hex       0%         N/A       90%         3
 Iskenderun's Mystic Bla  Conj/Tloc      0%         2d3       100%        4
 Starburst                Conj/Fire      0%         6d3       100%        6


Dungeon Overview and Level Annotations

Branches:
Dungeon (3/15)

Altars:


Innate Abilities, Weirdness & Mutations

You are small and have problems with some larger weapons.
You are completely attuned to the shadows.


Message History

You kill the orc wizard!
You hit the orc warrior but do no damage.
The orc warrior hits you with a +0 mace.
You barely miss the orc warrior.
An orc comes into view. It is wielding a +0 club.
The orc warrior closely misses you.
The orc shouts!
You hit the orc warrior. You closely miss the orc warrior.
The orc warrior hits you with a +0 mace!
You are too injured to fight recklessly!
You are too injured to fight recklessly!
You are too injured to fight recklessly!
You are too injured to fight recklessly!
You are too injured to fight recklessly!
You are too injured to fight recklessly!
You are too injured to fight recklessly!
You are too injured to fight recklessly!
You are too injured to fight recklessly!
You are too injured to fight recklessly!
You are too injured to fight recklessly!
You are too injured to fight recklessly!
You are too injured to fight recklessly!
You are too injured to fight recklessly!
You are too injured to fight recklessly!
You hit the orc warrior but do no damage.
The orc warrior hits you with a +0 mace!
* * * LOW HITPOINT WARNING * * *
You hit the orc warrior.
The orc warrior hits you but does no damage.
You closely miss the orc warrior.
You hit the orc warrior but do no damage.
The orc warrior misses you.
You hit the orc warrior. The orc warrior misses you.
You hit the orc warrior. The orc warrior closely misses you.
You barely miss the orc warrior. You hit the orc warrior.
The orc warrior barely misses you.
You hit the orc warrior but do no damage.
The orc warrior hits you with a +0 mace.
You die...

##### ######...##
#.@oo...... #.##o......
.#############.##.......
........................
####†####.########.....#
#.## #.# ##..###.#
##....#... ###....##


You could see an orc warrior and 2 orcs.

Vanquished Creatures
  A necrophage (D:3)
  Ijyb (D:3)
  2 orc wizards (D:3)
  3 adders
  3 worms (D:2)
  3 dart slugs
  7 orcs (D:3)
  3 bats
  4 endoplasms
  3 giant cockroaches
  3 goblins
  6 hobgoblins
  3 kobolds
  A quokka (D:2)
  3 ball pythons
  A frilled lizard (D:3)
  2 rats
49 creatures vanquished.

Notes
Turn   | Place    | Note
-------+----------+-------------------------------------------
     0 | D:1      | Colgate the Kobold Brigand began the quest for the Orb.
     0 | D:1      | Reached XP level 1. HP: 12/12 MP: 1/1
   167 | D:1      | Reached XP level 2. HP: 17/17 MP: 2/2
  1146 | D:2      | Reached skill level 6 in Stealth
  1146 | D:2      | Reached XP level 3. HP: 21/21 MP: 3/3
  1356 | D:2      | Reached XP level 4. HP: 26/26 MP: 4/4
  1766 | D:3      | Reached skill level 7 in Stealth
  2064 | D:3      | Noticed a necrophage
  2081 | D:3      | Killed a necrophage
  2082 | D:3      | Reached skill level 8 in Stealth
  2082 | D:3      | Reached XP level 5. HP: 24/30 MP: 5/5
  2412 | D:3      | Noticed Ijyb
  2416 | D:3      | Killed Ijyb
  2417 | D:3      | Reached skill level 5 in Short Blades
  2417 | D:3      | Reached XP level 6. HP: 35/35 MP: 6/6
  2515 | D:3      | Noticed an orc warrior
  2529 | D:3      | HP: 1/35 [orc warrior/+0 mace (14)]
  2537 | D:3      | Slain by an orc warrior

Illustrated notes

Levels and vault maps discovered:
D:1:      wander_arrival_estate, layout_basic
D:2:      layout_rooms, nrook_campfire
D:3:      layout_loops_ring, slow_altar_2, nicolae_figureground_pulse,
          uniq_grinder, uniq_sigmund, uniq_ijyb

Skill      XL: |  1  2  3  4  5 |
---------------+----------------+-----
Short Blades   | 3 4 5 |  5.6
Stealth        | 6 8 |  8.2
Fighting       | |  2.1
Throwing       | |  2.1
Dodging        | |  1.2

Action                   |  1- 3 |  4- 6 || total
-------------------------+-------+-------++-------
Melee: Dagger            |    40 |    81 ||   121
       Punch             |     1 |     1 ||     2
  Use: Scroll            |     7 |     3 ||    10
 Stab: Sleeping          |    10 |    11 ||    21
       Distracted        |       |     1 ||     1
Armor: Robe              |     4 |     4 ||     8
       Ring mail         |       |     8 ||     8
Dodge: Dodged            |    14 |    41 ||    55

Table legend: (Time is in decaauts)
 A = Elapsed time spent in this place.
 B = Non-inter-level travel time spent in this place.
 C = Inter-level travel time spent in this place.
 D = Time resting spent in this place.
 E = Time spent auto-exploring this place.
 F = Levels seen in this place.
 G = Mean time per level.
                   A        B        C        D        E       F      G
               +--------+--------+--------+--------+--------+-----+--------+
         Total |   2511 |   2313 |    198 |      0 |   1890 |   3 |  837.0 |
       Dungeon |   2511 |   2313 |    198 |      0 |   1890 |   3 |  837.0 |
               +--------+--------+--------+--------+--------+-----+--------+

Top non-repeatable levels by time:
     D:1: 1279 daAuts
     D:2: 632 daAuts
     D:3: 599 daAuts
